 Dungeon Sprint DCSS version 0.18-a0-1655-ge2d8d33 (webtiles) character file.

8500000 namelastname112 the Plane Walker (level 21, -10/122 HPs)
             Began as a Felid Warper on Mar 30, 2016.
             Was the Champion of Makhleb.
             Killed from afar by a large bag of meat (34 damage)
             ... with an exploding inner flame
             ... in the Dungeon (Sprint VIII: "Arena of Blood").
             The game lasted 00:02:47 (85 turns).

namelastname112 the Plane Walker (Felid Warper)       Turns: 85, Time: 00:02:47

Health: -10/122    AC:  3    Str:  7    XL:     21   Next: 76%
Magic:  53/53      EV: 44    Int: 15    God:    Makhleb [******]
Gold:   0          SH:  0    Dex: 25    Spells: 1 memorised, 73 levels left
                                        Lives:  0   Deaths: 6

rFire  . . .     SeeInvis +       - Unarmed
rCold  + . .     Gourm    .     (armour unavailable)
rNeg   . . .     Faith    .     (shield unavailable)
rPois  .         Spirit   .     (helmet unavailable)
rElec  .         Dismiss  .     (cloak unavailable)
rCorr  .         Reflect  .     (gloves unavailable)
SustAt .         Harm     .     (boots unavailable)
MR     +++..     NoTele   +     (no amulet)
Stlth  ++++++++++               (no ring)
                                i - +27000 ring of slaying

@: quick, extremely resistant to hostile enchantments, uncannily stealthy
A: no armour, no weapons or thrown items, claws 1, fangs 3, see invisible,
carnivore 3, speed 1, shaggy fur 3, slow metabolism 1, sharp paws
a: Minor Destruction, Lesser Servant of Makhleb, Major Destruction, Greater
Servant of Makhleb, Renounce Religion


You were in the Dungeon.
You worshipped Makhleb.
Makhleb was exalted by your worship.
You were not hungry.

You visited 1 branch

Inventory:

Jewellery
 i - a +27000 ring of slaying (left paw)
Scrolls
 b - a scroll of blinking
Potions
 d - a potion of curing
 f - a potion of haste
 g - 2 potions of magic
 h - a potion of berserk rage
Books
 a - a book of Spatial Translocations

   Spells                             Type                      Level
   a - Apportation                    Translocation                1
   b - Blink                          Translocation                2
   c - Shroud of Golubria             Charms/Translocation         2
   d - Portal Projectile              Translocation                3
   e - Teleport Other                 Translocation                3
   f - Passage of Golubria            Translocation                4
Comestibles
 c - a meat ration
 j - 2 chunks of flesh


   Skills:
 O Level 27 Fighting
 O Level 27 Dodging
 O Level 27 Stealth
 O Level 27 Unarmed Combat
 O Level 27 Spellcasting
 O Level 27 Translocations
 O Level 27 Invocations


You had 73 spell levels left.
You knew the following spells:

 Your Spells              Type           Power        Failure   Level  Hunger
a - Apportation           Tloc           #######...   0%          1    None


Dungeon Overview and Level Annotations

Branches:
Dungeon (1/1)

Altars:
Makhleb

Annotations:
D The Captor


Innate Abilities, Weirdness & Mutations

You cannot wear armour.
You are incapable of wielding weapons or throwing items.
You have sharp claws.
You have razor-sharp teeth.
You have supernaturally acute eyesight.
You are carnivorous and can eat meat at any time.
You cover ground quickly.
Your thick and shaggy fur keeps you warm (AC +3, rC+).
You have a slow metabolism.
Your sharp claws are effective at attacking unaware monsters.


Message History

The dread calls on the powers of darkness!
The meat berserker convulses!
The bag of meat convulses!
The meat berserker convulses!
The bag of meat convulses!
The meat berserker convulses!
The large bag of meat convulses!
Your body is wracked with pain!
* * * LOW HITPOINT WARNING * * *
The bag of meat convulses!
The meat berserker convulses!
The bag of meat convulses! x2
You hear a shout! x2
The bag of meat closely misses you.
You hear a shout!
The large abomination completely misses you.
You hear a shout! x2
You eviscerate the large bag of meat!!!!!!!!!!!!
The large bag of meat explodes!
The fiery explosion engulfs the large abomination.
The fiery explosion engulfs the bag of meat.
The bag of meat dies!
The fiery explosion engulfs you!
You die...

.....O.§§.§...M..
....##o##§#####....
.....XX§§X.........
#o..MX##O##........
.....Xo§§)...%.%...
......%XVL#.#.......#
..%...o.M........####
C.%....XXoXXo.V.%....
#..D..XOoX@.O..%%....
...X.oXo)§X2...%....
........VX.Mo.......
...#))x...D#...O.... .
#.)o....#†W......
...###))...xC###......
........@###.oV...O....
.#.......Co.D..........
....O..#)CD..#.......#o


You could see 3 accurseds, 4 tentacled monstrosities, a meat beast, a tyrant, 3
eight-headed meat hydras, 4 destroyers, a large bag of meat (inner flame), 10
large abominations, a dread, The Captor, 5 meat berserkers, 10 bags of meat and
2 crawling corpses.

Vanquished Creatures
  A hell beast (D)
  A greater mummy (D)
  5 vampire knights (D)
  13 ogres (D)
  2 liches (D)
  15 orcs (D)
  3 hill giants (D)
  3 skeletal warriors (D)
43 creatures vanquished.

Vanquished Creatures (others)
  3 orcs (D)
  A hill giant (D)
  2 crawling corpses (D)
6 creatures vanquished.

Grand Total: 49 creatures vanquished

Notes
Turn   | Place    | Note
--------------------------------------------------------------
     0 | D        | namelastname112 the Felid Warper began the quest for the Orb.
     0 | D        | Reached XP level 1. HP: 9/9 MP: 4/4
     3 | D        | Noticed a bag of meat
     3 | D        | Noticed a meat berserker
     4 | D        | Became a worshipper of Makhleb the Destroyer
     5 | D        | Noticed a bag of meat
     7 | D        | Killed a meat berserker
     7 | D        | Reached skill level 27 in Translocations
     7 | D        | Reached XP level 2. HP: 22/22 MP: 4/17
     7 | D        | Reached XP level 3. HP: 26/26 MP: 4/18
     7 | D        | Reached XP level 4. HP: 30/30 MP: 4/20
     7 | D        | Reached XP level 5. HP: 34/34 MP: 4/21
     7 | D        | Gained mutation: You are covered in thick fur (AC +2). [Felid growth]
     7 | D        | Reached XP level 6. HP: 37/37 MP: 4/23
     7 | D        | Reached XP level 7. HP: 41/41 MP: 4/24
     7 | D        | Reached XP level 8. HP: 45/45 MP: 4/26
     7 | D        | Reached XP level 9. HP: 49/49 MP: 4/27
     7 | D        | Reached XP level 10. HP: 53/53 MP: 4/28
     7 | D        | Reached XP level 11. HP: 57/57 MP: 4/29
     7 | D        | Gained mutation: Your thick and shaggy fur keeps you warm (AC +3, rC+). [Felid growth]
     7 | D        | Reached XP level 12. HP: 60/60 MP: 4/30
     7 | D        | Reached XP level 13. HP: 64/64 MP: 4/31
    11 | D        | Noticed a meat berserker
    11 | D        | Killed a bag of meat
    11 | D        | Reached * piety under Makhleb
    11 | D        | Reached skill level 15 in Spellcasting
    12 | D        | Killed a meat berserker
    12 | D        | Reached skill level 15 in Fighting
    12 | D        | Reached skill level 15 in Unarmed Combat
    12 | D        | Reached XP level 14. HP: 74/74 MP: 5/36
    13 | D        | Noticed a bag of meat
    13 | D        | Killed a bag of meat
    13 | D        | Reached ** piety under Makhleb
    13 | D        | Reached skill level 27 in Dodging
    13 | D        | Reached XP level 15. HP: 79/79 MP: 5/39
    18 | D        | Noticed a meat berserker
    19 | D        | Reached *** piety under Makhleb
    20 | D        | Noticed a meat berserker
    20 | D        | Reached XP level 16. HP: 89/89 MP: 6/43
    21 | D        | Killed a meat berserker
    22 | D        | Noticed a destroyer
    23 | D        | Noticed a large bag of meat
    23 | D        | Reached **** piety under Makhleb
    23 | D        | Reached XP level 17. HP: 97/97 MP: 7/47
    24 | D        | Noticed a destroyer
    26 | D        | Noticed a meat berserker
    26 | D        | Annihilated by a destroyer
    27 | D        | Reached XP level 16. HP: -74/94 MP: 8/46
    27 | D        | Noticed a meat berserker
    27 | D        | Noticed a large bag of meat
    30 | D        | Killed a meat berserker
    30 | D        | Reached skill level 27 in Spellcasting
    31 | D        | Killed a meat berserker
    31 | D        | Reached ***** piety under Makhleb
    31 | D        | Reached skill level 27 in Fighting
    31 | D        | Reached skill level 27 in Unarmed Combat
    31 | D        | Reached XP level 17. HP: 104/104 MP: 46/49
    31 | D        | Noticed an eight-headed meat hydra
    32 | D        | Wingboner: Бедная киса.
    32 | D        | namelastname112: я два раза уже котом босса убивал
    32 | D        | Noticed a large bag of meat
    32 | D        | Noticed an eight-headed meat hydra
    34 | D        | Noticed a meat berserker
    34 | D        | Killed a destroyer
    34 | D        | Reached XP level 18. HP: 35/109 MP: 47/50
    34 | D        | Annihilated by a large bag of meat
    35 | D        | Reached XP level 17. HP: -32/104 MP: 47/49
    35 | D        | Noticed a meat berserker
    35 | D        | Noticed a large bag of meat
    35 | D        | Noticed a sculptor of flesh
    35 | D        | Noticed a sculptor of flesh
    36 | D        | Noticed a large bag of meat
    37 | D        | Noticed a destroyer
    39 | D        | Killed a destroyer
    39 | D        | Reached skill level 27 in Stealth
    42 | D        | Noticed a meat berserker
    42 | D        | Reached XP level 18. HP: 109/109 MP: 50/50
    43 | D        | Noticed a meat berserker
    43 | D        | Killed a meat berserker
    43 | D        | Reached ****** piety under Makhleb
    43 | D        | Reached skill level 27 in Invocations
    45 | D        | Noticed a meat berserker
    46 | D        | Killed a meat berserker
    46 | D        | Reached XP level 19. HP: 113/113 MP: 51/51
    48 | D        | Noticed a destroyer
    48 | D        | Noticed a tyrant
    48 | D        | Killed a destroyer
    48 | D        | Annihilated by a large bag of meat
    49 | D        | Reached XP level 18. HP: -42/109 MP: 50/50
    49 | D        | Noticed a large bag of meat
    51 | D        | Noticed a tyrant
    55 | D        | Killed a large bag of meat
    55 | D        | HP: 2/109 [large bag of meat/exploding inner flame (50)]
    57 | D        | Noticed an accursed
    58 | D        | Noticed a meat berserker
    58 | D        | Killed a large bag of meat
    58 | D        | Killed from afar by a large bag of meat
    58 | D        | Reached XP level 19. HP: 1/113 MP: 51/51
    59 | D        | Reached XP level 18. HP: 1/109 MP: 50/50
    59 | D        | Noticed a destroyer
    59 | D        | Noticed a sculptor of flesh
    60 | D        | Noticed a tyrant
    60 | D        | Killed a sculptor of flesh
    61 | D        | Killed a meat berserker
    62 | D        | Noticed an accursed
    62 | D        | Killed a destroyer
    62 | D        | Reached XP level 19. HP: 113/113 MP: 51/51
    63 | D        | Noticed a meat berserker
    63 | D        | Killed a meat berserker
    65 | D        | Killed a tyrant
    66 | D        | Killed a meat berserker
    66 | D        | Reached XP level 20. HP: 93/118 MP: 52/52
    67 | D        | Noticed an accursed
    69 | D        | Killed a meat berserker
    70 | D        | Noticed a tyrant
    70 | D        | Noticed a meat beast
    70 | D        | Killed a meat berserker
    72 | D        | Killed an accursed
    72 | D        | Reached XP level 21. HP: 122/122 MP: 53/53
    73 | D        | Killed a meat beast
    73 | D        | Reached XP level 22. HP: 101/127 MP: 54/54
    75 | D        | Noticed a destroyer
    76 | D        | Noticed an accursed
    76 | D        | Killed a tyrant
    76 | D        | Reached XP level 23. HP: 112/131 MP: 55/55
    77 | D        | Noticed a meat beast
    78 | D        | HP: 5/131 [tentacled monstrosity[a tyrant] (5)]
    79 | D        | Slain by a tentacled monstrosity
    80 | D        | Reached XP level 22. HP: -1/127 MP: 54/54
    80 | D        | Noticed a destroyer
    80 | D        | Noticed a destroyer
    80 | D        | Noticed a destroyer
    80 | D        | Noticed a dread
    82 | D        | Demolished by a meat beast
    83 | D        | Reached XP level 21. HP: -16/122 MP: 53/53
    83 | D        | Noticed The Captor
    84 | D        | Killed a destroyer
    85 | D        | Killed from afar by a large bag of meat

Vault maps used:
D:        meatsprint

Skill      XL: |  1  2  3  4  5  6  7  8  9 10 11 12 13 14 15 16 17 18 |
---------------+-------------------------------------------------------+-----
Fighting       | 11 15 16 20 27 | 27.0
Dodging        | 19 25 27 | 27.0
Unarmed Combat | 11 15 16 20 27 | 27.0
Spellcasting   | 13 17 19 22 27 | 27.0
Translocations | 27 | 27.0
Stealth        | 27 | 27.0
Invocations    | 23 27 | 27.0

Action                   |  1- 3 |  4- 6 |  7- 9 | 10-12 | 13-15 | 16-18 | 19-21 | 22-24 || total
-------------------------+-------+-------+-------+-------+-------+-------+-------+-------++-------
Melee: Unarmed           |     1 |       |       |       |     6 |    19 |    13 |     6 ||    45
  Use: Potion            |       |       |       |       |       |     1 |       |       ||     1
       Scroll            |       |       |       |       |       |       |       |     1 ||     1
  Eat: Chunk             |       |       |       |       |     1 |     1 |       |       ||     2
